 Dungeon Crawl Stone Soup version 0.18-a0-801-gb01a236 (webtiles) character file.

64980 Duffy the Severer (level 15, -3/80 HPs)
             Began as a Vine Stalker Fighter on Dec 15, 2015.
             Was the Champion of Cheibriados.
             Slain by an orc knight
             ... wielding a cursed -1 trident
              (7 damage)
             ... in a bailey.
             The game lasted 00:29:09 (18476 turns).

Duffy the Severer (Vine Stalker Fighter)           Turns: 18476, Time: 00:29:09

Health: -3/80      AC: 22    Str: 42    XL:     15   Next: 14%
Magic:  0/22       EV: 17    Int: 25    God:    Cheibriados [******]
Gold:   1326       SH:  0    Dex: 30    Spells: 0 memorised, 14 levels left

rFire  . . .     SeeInvis .     B - +2 battleaxe (freeze)
rCold  . . .     Clarity  .     V - +0 plate armour
rNeg   . . .     SustAt   .     (shield currently unavailable)
rPois  .         Gourm    .     M - +0 helmet
rElec  .         Spirit   +     l - +0 cloak
rCorr  .         Dismiss  .     o - +2 pair of gloves
rMut   .         Stasis   .     e - +0 pair of boots
MR     +....                    X - amulet of harm
Stlth  ..........               E - +3 ring of slaying
                                T - +5 ring of strength

@: very slow, somewhat resistant to hostile enchantments, extremely unstealthy
A: fangs 3, regeneration 3, magic shield, antimagic bite, no device heal 3, rot
immunity
a: Bend Time, Temporal Distortion, Slouch, Step From Time, Renounce Religion


You were in a bailey.
You worshipped Cheibriados.
Cheibriados was exalted by your worship.
You were not hungry.

You visited 3 branches of the dungeon, and saw 22 of its levels.
You also visited: Ossuary and Bailey.

You collected 1326 gold pieces.


Innate Abilities, Weirdness & Mutations

You have razor-sharp teeth.
You regenerate.
When hurt, damage is shared between your health and your magic reserves.
Your bite disrupts and absorbs the magic of your enemies.
Potions and wands cannot restore your health.
You are immune to rotting.


   Skills:
 + Level 10.1 Fighting
 * Level 15.9 Axes
 + Level 9.6 Armour
 + Level 8.0 Dodging
   Level 2.6 Shields
 - Level 8.0 Invocations


You had 14 spell levels left.
You didn't know any spells.

Inventory:

Hand Weapons
 b - a +0 blowgun
 B - a +2 battleaxe of freezing (weapon)
Missiles
 n - 3 throwing nets
 z - 5 javelins of penetration (quivered)
 R - 89 poisoned needles
 Y - 7 steel javelins
Armour
 e - a +0 pair of boots (worn)
 l - a +0 cloak (worn)
 o - a +2 pair of gloves (worn)
 M - a +0 helmet (worn)
 V - a +0 plate armour (worn)
Jewellery
 E - a +3 ring of slaying (right hand)
 T - a +5 ring of strength (left hand)
 W - an uncursed ring of protection from fire
 X - an amulet of harm (around neck)
Wands
 g - a wand of enslavement (13)
 t - a wand of disintegration (12)
 G - a wand of cold (0)
 K - a wand of digging (24)
 N - a wand of cold (5)
 P - a wand of cold (13)
 Q - a wand of digging (10)
Scrolls
 i - 3 scrolls of enchant armour
 k - 3 scrolls of recharging
 m - 7 scrolls of remove curse
 u - 3 scrolls of fear
 x - 5 scrolls of teleportation
 y - 2 scrolls of blinking
 C - a scroll of magic mapping
 D - 4 scrolls of fog
 H - 2 scrolls of vulnerability
 U - 2 scrolls of enchant weapon
Potions
 a - 2 potions of magic
 c - a potion of ambrosia
 d - 4 potions of might
 j - 23 potions of curing
 q - 3 potions of cure mutation
 r - 2 potions of flight
 s - a potion of beneficial mutation {b, unknown}
 I - 4 potions of brilliance
 J - 3 potions of lignification
 Z - 2 potions of agility
Comestibles
 f - 6 bread rations
 h - a chunk of flesh
 p - a royal jelly
 v - 15 fruits
 w - 12 meat rations
 A - 2 slices of pizza
 L - 3 beef jerkies

Dungeon Overview and Level Annotations

Branches:
Dungeon (13/15)            Temple (1/1) D:6            Lair (8/8) D:9
  Swamp (0/4) Lair:4        Snake (0/4) Lair:4        Slime (0/6) Lair:6
    Orc (0/2) D:11
 Vaults: D:13-14

Altars:
Ashenzari
Cheibriados
Dithmenos
Elyvilon
Fedhas
Gozag
Kikubaaqudgha
Makhleb
Nemelex Xobeh
Okawaru
Pakellas
Qazlal
Ru
Sif Muna
Trog
Vehumet
Xom
Yredelemnul
Zin
The Shining One
Jiyva

Shops:
D:4 (   D:10 =   D:11 %

Annotations:
Lair:8 exclusion: oklob plant


Message History

Things that are here:
a spear; a scale mail You completely miss the orc knight.
You bite the orc knight! You drain its power.
You feel invigorated.
The orc knight is lightly wounded.
You slash the orc knight! You freeze the orc knight.
The orc knight is almost dead.
You slash the orc! You freeze the orc.
You kill the orc!
Cheibriados thoroughly appreciates the change of pace.
You barely miss the orc knight.
The orc knight hits you but does no damage. x2
The orc knight hits you with a halberd! The orc knight barely misses you.
You closely miss the orc knight. You bite the orc knight!! You drain its power.
You feel invigorated.
The orc knight is heavily wounded.
You barely miss the orc knight.
The orc knight is almost dead.
You closely miss the orc knight. The orc knight hits you with a trident!
You can feel time thicken for a moment.
You kill the orc knight!
Cheibriados thoroughly appreciates the change of pace.
You feel somewhat more hungry.
The orc knight hits you but does no damage.
The orc knight hits you from afar with a trident!
The orc knight completely misses you.
You don't have enough magic at the moment.
Okay, then.
You slice the orc knight!! You freeze the orc knight.
You kill the orc knight!
Cheibriados thoroughly appreciates the change of pace.
You slash the orc knight! You freeze the orc knight.
The orc knight is heavily wounded.
The orc knight barely misses you. The orc knight hits you with a trident!
You die...

###### ####### #
.....#########.....###..
).....#.....#.......'...
))....'.!...'.)o)...'...
)))...'..!!.')))))..'...
)))...'..!..'..)@o..'...
......#.....#.))....'...
.....#########.....###..
###### #######


You could see 2 orc knights.

Action                   |  1- 3 |  4- 6 |  7- 9 | 10-12 | 13-15 || total
-------------------------+-------+-------+-------+-------+-------++-------
Melee: War axe           |    95 |   135 |       |       |       ||   230
       Battleaxe         |       |    47 |   191 |   461 |   478 ||  1177
Invok: Slouch            |       |       |       |       |     1 ||     1
Evoke: Wand              |       |       |       |     2 |     3 ||     5
  Use: Potion            |       |       |     1 |       |     1 ||     2
       Scroll            |       |       |       |    19 |    14 ||    33
 Stab: Petrified         |       |       |       |       |     1 ||     1
  Eat: Chunk             |       |     6 |     8 |    16 |    14 ||    44
       Beef jerky        |       |       |     1 |       |       ||     1

Notes
Turn   | Place    | Note
--------------------------------------------------------------
     0 | D:1      | Duffy the Vine Stalker Fighter began the quest for the Orb.
     0 | D:1      | Reached XP level 1. HP: 11/11 MP: 2/2
    67 | D:1      | Reached skill level 2 in Axes
    82 | D:1      | Reached XP level 2. HP: 14/16 MP: 3/3
   205 | D:1      | Reached XP level 3. HP: 19/19 MP: 4/4
   221 | D:1      | Reached skill level 3 in Axes
   689 | D:2      | Reached skill level 3 in Fighting
   746 | D:2      | Found an opulent altar of Gozag.
   780 | D:2      | Reached XP level 4. HP: 24/24 MP: 5/5
   959 | D:2      | Found an opulent altar of Gozag.
   959 | D:2      | Found an oddly glowing altar of Pakellas.
   981 | D:2      | Reached XP level 5. HP: 26/28 MP: 3/6
  1027 | D:2      | Reached skill level 4 in Axes
  1690 | D:3      | Found a glowing golden altar of the Shining One.
  1785 | D:3      | Reached skill level 4 in Fighting
  1794 | D:3      | Gained mutation: You heal very quickly. [Vine Stalker growth]
  1794 | D:3      | Reached XP level 6. HP: 33/33 MP: 7/7
  2265 | D:4      | Found a burning altar of Makhleb.
  2273 | D:4      | Reached skill level 3 in Armour
  2310 | D:4      | Reached skill level 5 in Axes
  2411 | D:4      | Found a white marble altar of Elyvilon.
  2613 | D:4      | Found Yhaa's Weapon Shop.
  2744 | D:4      | Found a basalt altar of Yredelemnul.
  2956 | D:5      | Entered Level 5 of the Dungeon
  3003 | D:5      | Reached XP level 7. HP: 31/37 MP: 8/8
  3085 | D:5      | Reached skill level 4 in Armour
  3269 | D:5      | Found a sand-covered staircase.
  3276 | Ossuary  | Entered an ossuary
  3292 | Ossuary  | Noticed Crishpax's ghost (novice DEWz)
  3325 | Ossuary  | Reached skill level 6 in Axes
  3338 | Ossuary  | Killed Crishpax's ghost
  3338 | Ossuary  | Reached skill level 5 in Armour
  3338 | Ossuary  | Gained mutation: You have razor-sharp teeth. [Vine Stalker growth]
  3338 | Ossuary  | Reached XP level 8. HP: 19/42 MP: 9/9
  3583 | D:5      | Reached skill level 7 in Axes
  4150 | D:6      | Noticed Eustachio
  4158 | D:6      | Killed Eustachio
  4158 | D:6      | Reached skill level 8 in Axes
  4237 | D:6      | Found a basalt altar of Yredelemnul.
  4251 | D:6      | Found a shimmering altar of Xom.
  4329 | D:6      | Reached XP level 9. HP: 41/45 MP: 10/10
  4424 | D:6      | Reached skill level 9 in Axes
  4538 | D:6      | Noticed Prince Ribbit
  4548 | D:6      | Killed Prince Ribbit
  4560 | D:6      | Found a burning altar of Makhleb.
  4561 | D:6      | Noticed Blork the orc
  4567 | D:6      | Killed Blork the orc
  4757 | D:6      | Found a staircase to the Ecumenical Temple.
  4766 | Temple   | Entered the Ecumenical Temple
  4941 | Temple   | Became a worshipper of Cheibriados the Contemplative
  5311 | D:7      | Reached skill level 1 in Dodging
  5315 | D:7      | Reached skill level 10 in Axes
  5320 | D:7      | Reached * piety under Cheibriados
  5798 | D:7      | Reached skill level 2 in Dodging
  5854 | D:7      | Reached XP level 10. HP: 51/51 MP: 11/11
  5942 | D:7      | Found a blossoming altar of Fedhas.
  5949 | D:7      | Found a deep blue altar of Sif Muna.
  6108 | D:4      | Reached ** piety under Cheibriados
  6229 | D:4      | Reached skill level 5 in Fighting
  6262 | D:4      | Reached *** piety under Cheibriados
  6480 | D:8      | Found a bloodstained altar of Trog.
  6497 | D:8      | Reached **** piety under Cheibriados
  6499 | D:8      | Reached skill level 6 in Armour
  6717 | D:8      | Reached skill level 11 in Axes
  6737 | D:8      | Reached skill level 3 in Dodging
  7048 | D:8      | Noticed a hill giant
  7055 | D:8      | Killed a hill giant
  7235 | D:9      | Found an iron altar of Okawaru.
  7289 | D:9      | Reached ***** piety under Cheibriados
  7320 | D:9      | Found a staircase to the Lair.
  7416 | D:9      | Noticed Erolcha
  7424 | D:9      | Killed Erolcha
  7424 | D:9      | Reached skill level 6 in Fighting
  7500 | D:9      | Reached XP level 11. HP: 56/56 MP: 12/12
  7797 | D:9      | Noticed a four-headed hydra
  7803 | D:9      | Killed a six-headed hydra
  7803 | D:9      | Reached skill level 4 in Dodging
  8100 | D:10     | Entered Level 10 of the Dungeon
  8151 | D:10     | Found Sotwon's Jewellery Shop.
  8157 | D:10     | Noticed Urug
  8164 | D:10     | Killed Urug
  8164 | D:10     | Reached skill level 7 in Armour
  8258 | D:10     | Noticed a hill giant
  8265 | D:10     | Killed a hill giant
  8265 | D:10     | Reached skill level 12 in Axes
  8316 | D:10     | Killed an unseen horror
  8520 | D:10     | Reached ****** piety under Cheibriados
  8709 | Lair:1   | Entered Level 1 of the Lair of Beasts
  8894 | Lair:1   | Reached skill level 7 in Fighting
  8946 | Lair:1   | Reached skill level 5 in Dodging
  9125 | Lair:1   | Gained mutation: You regenerate. [Vine Stalker growth]
  9125 | Lair:1   | Reached XP level 12. HP: 63/63 MP: 13/13
 10025 | Lair:2   | Reached skill level 13 in Axes
 10274 | Lair:2   | Reached skill level 8 in Armour
 10755 | Lair:2   | Reached skill level 8 in Fighting
 10784 | Lair:3   | Reached skill level 6 in Dodging
 10836 | Lair:3   | Reached skill level 1 in Invocations
 10917 | Lair:3   | Reached skill level 2 in Invocations
 11165 | Lair:3   | Reached skill level 3 in Invocations
 11485 | Lair:4   | Reached skill level 4 in Invocations
 11652 | Lair:4   | Reached XP level 13. HP: 68/68 MP: 17/17
 11657 | Lair:4   | Found a staircase to the Snake Pit.
 11665 | Lair:4   | Reached skill level 14 in Axes
 11665 | Lair:4   | Reached skill level 5 in Invocations
 12001 | Lair:4   | Reached skill level 6 in Invocations
 12080 | Lair:4   | Found a staircase to the Swamp.
 12363 | Lair:5   | Noticed Maud
 12371 | Lair:5   | Killed Maud
 12371 | Lair:5   | Reached skill level 7 in Invocations
 13085 | Lair:5   | Reached skill level 8 in Invocations
 13422 | Lair:6   | Found a viscous altar of Jiyva.
 13422 | Lair:6   | Found a staircase to the Slime Pits.
 14452 | Lair:7   | Reached XP level 14. HP: 70/74 MP: 21/21
 15072 | Lair:7   | Found a basalt altar of Yredelemnul.
 15317 | Lair:8   | Entered Level 8 of the Lair of Beasts
 15325 | Lair:8   | Reached skill level 9 in Fighting
 15515 | Lair:8   | Reached skill level 7 in Dodging
 15548 | Lair:8   | Reached skill level 15 in Axes
 15833 | Lair:8   | Reached skill level 9 in Armour
 16124 | Lair:8   | Found a blossoming altar of Fedhas.
 16845 | D:11     | Found Mivaaz's Food Shoppe.
 17469 | D:11     | Reached XP level 15. HP: 78/80 MP: 22/22
 17471 | D:11     | Found a staircase to the Orcish Mines.
 18012 | D:12     | Reached skill level 10 in Fighting
 18116 | D:12     | Reached skill level 8 in Dodging
 18355 | D:13     | Found a flagged portal.
 18366 | Bailey   | Entered a bailey
 18476 | Bailey   | Slain by an orc knight

Vault maps used:
D:1:      minmay_arrival_shattered_statue
D:2:      gammafunk_temple_overflow_elements, first_bread, grunt_gozag_statues
D:3:      nicolae_tso_swordbearing_angel
D:4:      minmay_goblin_kobold_castle, kennysheep_ying_yang, serial_shops,
          nicolae_shop_statue_plus, corexii_leaking_fountain, minivault_26,
          wad_woods_river_04, makhleb_blood_cavern_becter
D:5:      chequers_ossuary_entry_cave, glass_columns_a
D:6:      xom_butterflies, kennysheep_little_box, minmay_temple_entry_poolview,
          yredelemnul_altar_generic, uniq_prince_ribbit1, uniq_blork_the_orc,
          uniq_eustachio
D:7:      amethyst_overflow_temple_binary, kennysheep_generic_room_3
D:8:      trog_ov_bears_minmay
D:9:      overflow_temple_1_default, grunt_lair_entry_orc_guard_hut,
          uniq_erolcha
D:10:     serial_shops, nicolae_shop_crystal, uniq_urug
D:11:     erik_orc_2, serial_shops, shop
D:13:     dragon1_lemuel, grunt_vaults_entry_fortified, enter_bailey_1,
          blue_anna_alchemist, lightli_minifort
Temple:   roderic_octagonal_lattice_temple
Lair:1:   infiniplex_staircase_pool
Lair:2:   serial_bayou_pond_e, bh_autumn_forest_stairs
Lair:4:   swamp_mist, minmay_snake_entry_six_corridors
Lair:5:   lemuel_fruit_tree, serial_bayou_shore_a, uniq_maud
Lair:6:   dpeg_slime_entry_enclosed_altar, serial_bayou, serial_bayou_crossing,
          serial_bayou_lake_a, serial_bayou_ford_a, serial_bayou_pond_a,
          beast_lair_carwin_4
Lair:7:   serial_forest, infiniplex_forest_end_double,
          infiniplex_forest_lined_room_, infiniplex_forest_clump_C,
          infiniplex_forest_clump_curved, infiniplex_forest_clump_long,
          infiniplex_forest_clump_medium, infiniplex_forest_end_1,
          infiniplex_forest_lined_room_2, lemuel_centaur_altar
Lair:8:   grunt_lair_end_beastmaster, tgw_fedhas, infiniplex_staircase_pool_2
Ossuary:  ossuary_minmay_tomb_2a
Bailey:   bailey_polearm_5, bailey

Vanquished Creatures
  Maud
  A dire elephant
  4 hydras Erolcha
  A catoblepas
  6 death yaks Urug
  A deep troll shaman
  5 hill giants
  2 orc knights
  2 unseen horrors
  2 deep elf magi
  A griffon
  A manticore
  9 elephants
  22 spiny frogs
  19 black mambas
  A centaur skeleton
  The ghost of Crishpax the Thaumaturge, a novice DEWz of Vehumet
  A torpor snail
  6 komodo dragons
  2 fire drakes
  10 blink frogs
  4 trolls
  A polar bear Prince Ribbit
  2 boulder beetles
  A trapdoor spider
  A wraith Eustachio
  5 basilisks
  10 hippogriffs
  3 hungry ghosts
  A steam dragon
  50 yaks
  A mottled dragon
  3 wyverns
  19 water moccasins
  9 wolves
  10 porcupines
  4 sky beasts
  A necrophage
  An ice beast
  5 black bears
  A wasp
  4 ogres
  5 phantoms
  An eye of draining
  11 orc warriors
  4 big kobolds
  18 crocodiles
  20 centaurs
  15 giant frogs
  A gnoll sergeant Blork the orc
  A wyvern skeleton
  7 killer bees
  6 scorpions
  5 electric eels
  7 wights
  A centaur zombie
  6 giant frog skeletons
  2 orc priests
  8 crimson imps
  9 hounds
  3 jellies
  2 human zombies
  7 orc wizards
  6 worker ants
  9 iguanas
  8 sheep
  2 big kobold zombies
  4 mummies
  A worker ant zombie
  2 hound skeletons
  13 adders
  29 gnolls
  107 river rats
  3 shadow imps
  3 oozes
  An adder zombie
  An adder skeleton
  3 worms
  6 giant geckos
  61 orcs
  19 bats
  33 hobgoblins
  24 jackals
  31 kobolds
  4 quokkas
  4 ball pythons
  3 giant cockroaches
  2 giant gecko skeletons
  5 giant newts
  2 gnoll zombies
  27 goblins
  A goblin zombie
  A hobgoblin zombie
  A jackal skeleton
  2 orc zombies
  18 rats
  A rat zombie
  8 bushes
  72 fungi
  33 plants
928 creatures vanquished.
